AoeStats
← Octavianus

Arena

510911414Analyzed
1v1 RM · 5h ago on Oct 3, 2026· 46m 10s· 2 players
Game mode
Random Map
Map size
Tiny (2 player)
Population
200
Speed
Normal
Resources
Standard
Victory
Conquest
Starting age
Dark Age
Ending age
Imperial Age
RankedLock teamsTeams togetherTeam positionsShared explorationLock speedFull tech treeHidden civsTurbo modeCheats
Victory
Defeat
🇮🇩 Persians · Indonesia
431
+20
🇺🇸 Romans · United States
469
-31
ingsundede
0:35 Loom
12:13 Feudal Age
12:34 Town Watch
13:25 Wheelbarrow
12:35 Horse Collar
13:32 Double-Bit Axe
20:12 Padded Archer Armor
20:24 Gold Mining
20:49 Stone Mining
22:10 Forging
22:46 Fletching
27:17 Castle Age
28:19 Hand Cart
28:06 Town Patrol
28:22 Bow Saw
28:17 Heavy Plow
28:53 Leather Archer Armor
28:36 Crossbowman
29:30 Thumb Ring
30:30 Scale Mail Armor
32:10 Stone Shaft Mining
32:11 Gold Shaft Mining
32:24 Scale Barding Armor
33:46 Kamandaran
34:38 Chain Mail Armor
38:26 Imperial Age
37:53 Iron Casting
39:31 Chain Barding Armor
43:09 Chemistry
44:20 Ring Archer Armor
44:22 Plate Mail Armor
46:06 Elite War Elephant
Octavianus
9:34 Feudal Age
14:07 Man-at-Arms
26:26 Castle Age
25:53 Scale Barding Armor
25:56 Scale Mail Armor
26:39 Long Swordsman
27:28 Squires
27:55 Chain Mail Armor
33:51 Forging
38:54 Husbandry
Connection lost

Rejoining the realm…

Still unreachable

The connection could not be restored.

Session expired

The server has moved on; the page needs a fresh start.